 Dungeon Crawl Stone Soup version 0.31-a0-231-g51bb95cda3 (webtiles) character file.

Game seed: 2141970470043051485

317 qw the Shooter (level 6, -1/38 HPs)
             Began as a Gargoyle Hexslinger on July 6, 2023.
             Slain by Ijyb
             ... wielding a +2 dagger of speed
              (2 damage)
             ... on level 3 of the Dungeon.
             The game lasted 00:01:12 (2325 turns).

qw the Shooter (Gargoyle Hexslinger)                Turns: 2325, Time: 00:01:12

Health: -1/38      AC: 10    Str: 11    XL:     6   Next: 44%
Magic:  7/7        EV: 11    Int: 14    God:
Gold:   51         SH:  0    Dex: 14    Spells: 6/7 levels left

rFire   . . .        Y - +3 sling
rCold   . . .        (no shield)
rNeg    + . .        a - +3 leather armour
rPois   inf          (no helmet)
rElec   +            (no cloak)
rCorr   .            (no gloves)
SInv    .            (no boots)
Will    .....        (no amulet)
Stlth   +            (no ring)
HPRegen 0.26/turn    (no ring)
MPRegen 0.10/turn

%: no passive effects
@: confused
A: sickness immunity, AC +4, negative energy resistance 1, electricity
resistance, torment resistance 1, petrification resistance
a: no special abilities


You were on level 3 of the Dungeon.
You visited 1 branch of the dungeon, and saw 3 of its levels.

You collected 155 gold pieces.
You spent 104 gold pieces at shops.


Innate Abilities, Weirdness & Mutations

You are immune to sickness and miasma.
Your stone body is resilient. (AC +4)
You are immune to poison.
You resist negative energy. (rN+)
You are resistant to electric shocks. (rElec)
You are resistant to unholy torment.
You are immune to petrification.


   Skills:
 - Level 4.0 Fighting
 + Level 5.5 Ranged Weapons
 - Level 1.5 Dodging
 - Level 1.0 Spellcasting
 - Level 2.6 Hexes


You had 6 spell levels left.
You knew the following spells:

 Your Spells              Type           Power      Damage    Failure   Level
a - Slow                  Hex            32%        N/A       12%         1

Your spell library contained the following spells:

 Spells                   Type           Power      Damage    Failure   Level
 Inner Flame              Hex/Fire       4%         N/A       52%         3
 Portal Projectile        Hex/Tloc       8%         N/A       52%         3
 Cause Fear               Hex            4%         N/A       75%         4

Inventory:

Hand Weapons
 Y - a +3 sling (weapon)
Armour
 a - a +3 leather armour (worn)
Jewellery
 c - an amulet of faith
Scrolls
 g - a scroll of identify
Potions
 b - 2 potions of attraction {unknown}
 f - a potion of heal wounds {unknown}

Dungeon Overview and Level Annotations

Branches:
Dungeon (3/15)

Altars:

Shops:
D:2 *

Annotations:
D:3 Ijyb


Message History

Ijyb completely misses you.
Ijyb screams, "No!
No, no, no, no!"
Ijyb zaps a wand.
You resist with some effort. Ijyb hits you but does no damage.
Ijyb hits you with a +2 dagger of speed.
Ijyb hits you but does no damage.
Ijyb zaps a wand.
You resist with some effort.
Ijyb hits you with a +2 dagger of speed.
Ijyb hits you but does no damage.
Ijyb zaps a wand.
Your will is overpowered!
You are more confused.
Ijyb hits you but does no damage. Ijyb hits you but does no damage.
Ijyb zaps a wand.
Your will is overpowered!
You are more confused.
The now-empty wand crumbles to dust.
Ijyb hits you with a +2 dagger of speed.
Ijyb hits you but does no damage.
Ijyb hits you with a +2 dagger of speed.
Ijyb hits you but does no damage. x2
Ijyb barely misses you. Ijyb closely misses you.
Ijyb hits you but does no damage. Ijyb hits you but does no damage.
Ijyb hits you but does no damage.
Ijyb hits you with a +2 dagger of speed.
Ijyb barely misses you. Ijyb hits you but does no damage. x2
Ijyb closely misses you. Ijyb hits you but does no damage.
Ijyb hits you with a +2 dagger of speed.
Ijyb completely misses you. Ijyb barely misses you. x2
Ijyb hits you with a +2 dagger of speed.
Ijyb hits you with a +2 dagger of speed. x2
Ijyb hits you but does no damage.
Ijyb hits you with a +2 dagger of speed.
Ijyb hits you but does no damage. Ijyb barely misses you.
Ijyb hits you with a +2 dagger of speed.
Ijyb hits you with a +2 dagger of speed.
You die...

..# #.# !.# #.#
. #.# #. #.#
.#.# #g#
....###@#
..#.....#
......#.##
.........#
#.#......#
...#.#...#
#########
...#.........##
#.......#
.......#......#
#.#####.#
.....#####....#
#.# #.####


You could see Ijyb.

Vanquished Creatures
  A phantom (D:3)
  A hound (D:3)
  3 orc priests (D:3)
  2 adders
  A worm (D:2)
  2 dart slugs
  15 orcs (D:3)
  3 ball pythons
  2 bats
  5 endoplasms
  2 giant cockroaches (D:2)
  6 goblins
  4 hobgoblins
  10 jackals (D:2)
  4 kobolds
  4 quokkas
  5 frilled lizards
  3 rats (D:2)
73 creatures vanquished.

Notes
Turn   | Place    | Note
-------+----------+-------------------------------------------
     0 | D:1      | qw the Gargoyle Hexslinger began the quest for the Orb.
     0 | D:1      | Reached XP level 1. HP: 12/12 MP: 2/2
     0 | D:1      | 0 ||| qw: Version: 0.3-a-46-gb1f654a
     0 | D:1      | 0 ||| qw: Game counter: 1826
     0 | D:1      | 0 ||| qw: Melee chars always use a shield: true
     0 | D:1      | 0 ||| qw: God list: Okawaru
     0 | D:1      | 0 ||| qw: Allow faded altars: false
     0 | D:1      | 0 ||| qw: Do Orc after clearing Dungeon:15 true
     0 | D:1      | 0 ||| qw: Do second Lair branch before Depths: true
     0 | D:1      | 0 ||| qw: Lair rune preference: random
     0 | D:1      | 0 ||| qw: Goals: Normal
     0 | D:1      | 0 ||| PLANNING D:1-11
   237 | D:1      | Reached XP level 2. HP: 16/16 MP: 3/3
   430 | D:1      | Reached skill level 3 in Ranged Weapons
   807 | D:1      | 807 ||| UPGRADING to +0 leather armour.
   817 | D:1      | 817 ||| DROPPING +0 robe.
   818 | D:1      | 818 ||| UPGRADING to +0 ring mail.
   828 | D:1      | 828 ||| DROPPING +0 leather armour.
   829 | D:1      | 829 ||| READING scroll labelled WOEQOUR FOCI.
   830 | D:1      | 830 ||| READING scroll labelled COWKAC OHENEA.
   831 | D:1      | 831 ||| READING scroll labelled GUFEBR JYNABAM.
   832 | D:1      | 832 ||| READING scroll labelled JIAHENK ONOERPH.
   833 | D:1      | 833 ||| READING scroll labelled NECLAU EHOCAC.
   834 | D:1      | 834 ||| READING 2 scrolls labelled QETTEAKHL DUJUI.
   845 | D:1      | 845 ||| DROPPING scroll of poison.
   846 | D:1      | 846 ||| DROPPING scroll of torment.
   906 | D:2      | Found a faded altar of an unknown god.
   952 | D:2      | Reached XP level 3. HP: 21/21 MP: 4/4
   991 | D:2      | Found Pofa Wug's General Store.
  1029 | D:2      | 1029 ||| Stepping ~*~*~tactically~*~*~ (outnumbered).
  1052 | D:2      | Identified the +0 robe of the Endless Expanse {rElec
                  | Stlth+}
  1265 | D:2      | Reached XP level 4. HP: 26/26 MP: 5/5
  1389 | D:2      | 1389 ||| SHOPLISTING +6 ring of strength (396 gold, have
                  | 122).
  1389 | D:2      | 1389 ||| SHOPLISTING amulet of the acrobat (330 gold, have
                  | 122).
  1389 | D:2      | 1389 ||| BUYING scroll of enchant weapon (82 gold).
  1389 | D:2      | Bought a scroll of enchant weapon for 82 gold pieces
  1389 | D:2      | 1389 ||| BUYING scroll of identify (22 gold).
  1389 | D:2      | Bought a scroll of identify for 22 gold pieces
  1389 | D:2      | 1389 ||| SHOPLISTING scroll of identify (22 gold, have 18).
  1389 | D:2      | 1389 ||| SHOPLISTING scroll of teleportation (33 gold, have
                  | 18).
  1389 | D:2      | 1389 ||| READING scroll of enchant weapon.
  1389 | D:2      | 1389 ||| ENCHANTING +2 sling.
  1515 | D:2      | Reached skill level 4 in Ranged Weapons
  1565 | D:2      | 1565 ||| UPGRADING to +3 leather armour.
  1575 | D:2      | 1575 ||| DROPPING +0 robe of the Endless Expanse {rElec
                  | Stlth+}.
  1576 | D:2      | 1576 ||| DROPPING +0 ring mail.
  1577 | D:2      | 1577 ||| DROPPING +6 ring of intelligence.
  1578 | D:2      | 1578 ||| READING 2 scrolls labelled RANAAV VEOJEGU.
  1579 | D:2      | 1579 ||| READING scroll labelled KEOZIC ULU COASM.
  1580 | D:2      | 1580 ||| READING 2 scrolls of identify.
  1580 | D:2      | 1580 ||| IDENTIFYING fizzy emerald potion
  1581 | D:2      | 1581 ||| DROPPING scroll of immolation.
  1582 | D:2      | 1582 ||| DROPPING potion of magic.
  1645 | D:3      | 1645 ||| Stepping ~*~*~tactically~*~*~ (outnumbered).
  1747 | D:3      | 1747 ||| Stepping ~*~*~tactically~*~*~ (water).
  1753 | D:3      | Reached skill level 5 in Ranged Weapons
  1753 | D:3      | Reached XP level 5. HP: 30/30 MP: 6/6
  1917 | D:3      | Noticed a phantom
  1938 | D:3      | Killed a phantom
  1939 | D:3      | Reached XP level 6. HP: 30/38 MP: 7/7
  1970 | D:3      | 1970 ||| FLEEEEING.
  1971 | D:3      | 1971 ||| FLEEEEING.
  1979 | D:3      | 1979 ||| STAIRDANCE
  2271 | D:3      | Noticed Ijyb
  2321 | D:3      | HP: 6/38 [Ijyb/+2 dagger of speed (4)]
  2324 | D:3      | HP: 1/38 [Ijyb/+2 dagger of speed (2)]
  2325 | D:3      | Slain by Ijyb

Levels and vault maps discovered:
D:1:      reono_arrival_forest_river, layout_basic
D:2:      layout_loops_cross, basic_ecumenical_altar, serial_shops,
          nicolae_shop_hallway_stairs
D:3:      minmay_chambers_of_twos, layout_loops_ring, minmay_stone_trees_small,
          hangedman_decor_lopped, kennysheep_boxes, uniq_ijyb

Skill      XL: |  1  2  3  4  5 |
---------------+----------------+-----
Ranged Weapons | 3 5 |  5.5
Fighting       | 2 4 |  4.0
Dodging        | |  1.5
Spellcasting   | |  1.0
Hexes          | |  2.6

Action                     |  1- 3 |  4- 6 || total
---------------------------+-------+-------++-------
   Fire: Sling             |   121 |   151 ||   272
    Use: Scroll            |     6 |     4 ||    10
 Armour: Robe              |     8 |       ||     8
         Ring mail         |    45 |     3 ||    48
         Leather armour    |       |    72 ||    72
  Dodge: Dodged            |    41 |    83 ||   124

Table legend:
 A = Non-vault XP
 B = Vault XP
 C = Vault XP percentage of total XP
 D = Non-vault monster count
 E = Vault monster count
 F = Vault count percentage of total count
                 A         B        C        D         E       F
            +---------+---------+-------+---------+---------+-------
      Total |     453 |       0 |   0.0 |      73 |       0 |   0.0
            +---------+---------+-------+---------+---------+-------
        D:1 |      24 |       0 |   0.0 |      13 |       0 |   0.0
        D:2 |      71 |       0 |   0.0 |      30 |       0 |   0.0
        D:3 |     358 |       0 |   0.0 |      30 |       0 |   0.0
            +---------+---------+-------+---------+---------+-------
